 Dungeon Crawl Stone Soup version 0.31-a0-325-g067879e3d3 (webtiles) character file.

Game seed: 16255982311070043095

37 lunkers the Ruffian (level 3, 0/43 HPs)
             Began as a Meteoran Shapeshifter on July 18, 2023.
             Succumbed to an adder's poison
             ... on level 2 of the Dungeon.
             The game lasted 00:01:15 (326 turns).

lunkers the Ruffian (Meteoran Shapeshifter)          Turns: 326, Time: 00:01:15

Health: 0/43       AC: 21    Str: 17    XL:     3   Next: 88%
Magic:  4/4        EV:  2    Int:  9    God:
Gold:   49         SH:  6    Dex: 16    Spells: 2/2 levels left

rFire   . .          .
                       - Unarmed
rCold   . . .        f - +2 buckler
rNeg    . . .        a - melded +0 animal skin
rPois   +            (helmet currently unavailable)
rElec   .            (cloak currently unavailable)
rCorr   .            (gloves currently unavailable)
SInv    .            (boots currently unavailable)
Will    .....        (no amulet)
Stlth   +            (no ring)
HPRegen 0.27/turn    (no ring)
MPRegen 0.09/turn

%: no passive effects
@: lethally poisoned (0 -> -1), tree-form, glowing
A: stationary, stasis, torment immunity, boosted hp, sense surroundings 1,
otherworldly, glowing, explore regen
a: no special abilities


You were on level 2 of the Dungeon.
You were a tree.
You visited 1 branch of the dungeon, and saw 2 of its levels.

You collected 49 gold pieces.

Inventory:

Armour
 a - a +0 animal skin (melded)
 f - a +2 buckler (worn)
Talismans
 c - a beast talisman
Scrolls
 d - a scroll of torment {unknown}
 e - 2 scrolls of identify


   Skills:
 - Level 2.1 Fighting
 - Level 2.4 Dodging
 + Level 4.5 Unarmed Combat
 - Level 3.6 Shapeshifting


You had 2 spell levels left.
You didn't know any spells.
Your spell library was empty.

Dungeon Overview and Level Annotations

Branches:
Dungeon (2/15) Zot: 876

Altars:


Innate Abilities, Weirdness & Mutations

You are a tree.
Your roots penetrate the ground, keeping you stationary.
You cannot be teleported.
You are immune to unholy pain and torment.
Your maximum health is greatly increased.
Your equipment is partially melded.
You passively map a small area around you.
You are easily found by Zot.
You glow in the dark.
You regain HP and MP as you explore.


Message History

You feel sick. You block the adder's attack.
Your Unarmed Combat skill increases to level 4!
Unknown command.
You barely miss the adder.
You feel sick. The adder bites you.
* * * LOW HITPOINT WARNING * * *
You miss the adder.
You feel sick. The adder bites you.
* * * LOW HITPOINT WARNING * * *
You are lethally poisoned!
The adder poisons you!
Unknown command.
Really quaff the potion of lignification?
Your transformation has ended.
You turn into a tree.
Your +0 animal skin melds into your body.
Your roots penetrate the ground.
* * * LOW HITPOINT WARNING * * *
You feel very sick.
The adder bites you but does no damage. x2
Unknown command.
You miss the adder.
* * * LOW HITPOINT WARNING * * *
You feel sick. The adder bites you but does no damage.
You smack the adder!
The adder is almost dead.
* * * LOW HITPOINT WARNING * * *
You feel sick. The adder bites you but does no damage.
You miss the adder.
The adder is almost dead.
* * * LOW HITPOINT WARNING * * *
You feel sick. You block the adder's attack.
You smack the adder!
You kill the adder!
* * * LOW HITPOINT WARNING * * *
You feel sick.
You barely miss the hobgoblin.
* * * LOW HITPOINT WARNING * * *
You feel sick.
The hobgoblin hits you but does no damage.
You barely miss the hobgoblin.
You die...

#.......# #.......#
#.......## *
##.......###
#.......... , r.,
#........###..K.
#......rrS.S....
##.....#g###...
##...##♣# , , ,,
#### #.### ,
##########...##...,
* *
.................#
*
........>.###.#.##
, #########[.#
..... ##........
..##.### #.# *


You could see a quokka, a hobgoblin, a ball python and a rat.

Vanquished Creatures
  2 adders (D:2)
  A dart slug (D:1)
  A giant cockroach (D:1)
  2 hobgoblins (D:1)
  2 quokkas (D:1)
  A ball python (D:1)
  6 bats (D:1)
  A frilled lizard (D:1)
  3 rats (D:1)
19 creatures vanquished.

Notes
Turn   | Place    | Note
-------+----------+-------------------------------------------
     0 | D:1      | lunkers the Meteoran Shapeshifter began the quest for the
                  | Orb.
     0 | D:1      | Reached XP level 1. HP: 17/17 MP: 2/2
   113 | D:1      | Reached skill level 3 in Unarmed Combat
   113 | D:1      | Reached XP level 2. HP: 24/24 MP: 3/3
   280 | D:1      | Reached XP level 3. HP: 27/29 MP: 4/4
   298 | D:1      | You fall into a shaft and drop 1 floor!
   318 | D:2      | Reached skill level 4 in Unarmed Combat
   324 | D:2      | HP: 2/43 [poisoned by an adder]
   326 | D:2      | Succumbed to an adder's poison

Illustrated notes

Levels and vault maps discovered:
D:1:      dpeg_arrival_rooms_a, layout_rooms, minivault_11
D:2:      layout_rooms, hangedman_glass_teeth, uniq_terence, uniq_natasha,
          uniq_jessica

Skill      XL: |  1  2  3 |
---------------+----------+-----
Unarmed Combat | 3 4 |  4.5
Fighting       | |  2.1
Dodging        | |  2.4
Shapeshifting  | |  3.6

Action                     || total
---------------------------++-------
  Melee: Unarmed           ||    61
         Punch             ||     2
    Use: Scroll            ||     2
         Potion            ||     1
 Armour: Animal skin       ||     8
         Skin              ||     5
  Dodge: Dodged            ||    33
  Block: Buckler           ||     9

Table legend: (Time is in decaauts)
 A = Elapsed time spent in this place.
 B = Non-inter-level travel time spent in this place.
 C = Inter-level travel time spent in this place.
 D = Time resting spent in this place.
 E = Time spent auto-exploring this place.
 F = Levels seen in this place.
 G = Mean time per level.
                   A        B        C        D        E       F      G
               +--------+--------+--------+--------+--------+-----+--------+
         Total |    323 |    323 |      0 |      7 |    157 |   2 |  161.5 |
       Dungeon |    323 |    323 |      0 |      7 |    157 |   2 |  161.5 |
               +--------+--------+--------+--------+--------+-----+--------+

Top non-repeatable levels by time:
     D:1: 296 daAuts
     D:2: 27 daAuts
